 Dungeon Crawl Stone Soup version 0.23.0 (webtiles) character file.

Game seed: 4563044833304297124

109 Kisielow the Firebug (level 4, -5/24 HPs)
             Began as a Deep Elf Fire Elementalist on Feb 18, 2019.
             Slain by Natasha (10 damage)
             ... on level 3 of the Dungeon.
             The game lasted 00:04:36 (1931 turns).

Kisielow the Firebug (Deep Elf Fire Elementalist)   Turns: 1931, Time: 00:04:36

Health: -5/24      AC:  3    Str:  5    XL:     4   Next: 59%
Magic:  12/12      EV: 12    Int: 21    God:
Gold:   96         SH:  3    Dex: 15    Spells: 5/11 levels left

rFire    . . .     SeeInvis .   (no weapon)
rCold    . . .     Gourm    .   r - +0 buckler
rNeg     . . .     Faith    .   a - +0 robe
rPois    .         Spirit   .   k - +0 helmet (curse)
rElec    .         Reflect  .   (no cloak)
rCorr    +         Harm     .   (no gloves)
MR       .....                  (no boots)
Stlth    ++........             (no amulet)
HPRegen  0.08/turn              f - ring of resist corrosion (curse)
MPRegen  0.13/turn              i - ring of flight

@: no status effects
A: no striking features
a: Evoke Flight


You were on level 3 of the Dungeon.
You were hungry.

You visited 1 branch of the dungeon, and saw 4 of its levels.

You collected 96 gold pieces.

Inventory:

Armour
 a - a +0 robe (worn)
 k - a cursed +0 helmet (worn)
 r - a +0 buckler (worn)
Jewellery
 f - a cursed ring of resist corrosion (left hand)
 i - a ring of flight (right hand)
Scrolls
 g - a scroll of immolation {unknown}
 h - a scroll of noise {unknown}
 l - 3 scrolls of identify {unknown}
 n - a scroll of remove curse {unknown}
 p - a scroll of fear {unknown}
Potions
 e - a potion of berserk rage {unknown}
 j - a potion of lignification {unknown}
 m - a potion of heal wounds {unknown}
 o - a potion of brilliance {unknown}
 q - 2 potions of might {unknown}
Comestibles
 c - 6 rations
 d - a chunk of flesh


   Skills:
 - Level 2.4 Dodging
 - Level 2.4 Stealth
 - Level 4.0 Spellcasting
 + Level 3.1 Conjurations
 + Level 4.5 Fire Magic


You had 5 spell levels left.
You knew the following spells:

 Your Spells              Type           Power        Failure   Level  Hunger
e - Inner Flame           Hex/Fire       ##......     24%         3    ###....
q - Flame Tongue          Conj/Fire      ###..        4%          1    None
w - Throw Flame           Conj/Fire      ###...       6%          2    #......

Your spell library contained the following spells:

 Spells                   Type           Power        Failure   Level  Hunger
 Conjure Flame            Conj/Fire      ###.....     12%         3    ###....
 Sticky Flame             Conj/Fire      ###.....     38%         4    ####...
 Fireball                 Conj/Fire      ###.......   75%         5    ######.


Dungeon Overview and Level Annotations

Branches:
Dungeon (4/15)
 Temple: D:4-7

Altars:

Annotations:
D:3 Natasha


Message History

You kill Natasha!
Natasha growls in agony!
Your Conjurations skill increases to level 3!
You see here the felid corpse of Natasha.
You butcher the felid corpse of Natasha.
d - a chunk of flesh You see here the felid skeleton of Natasha.
Natasha, Servant of Life and Death comes into view.
She is carrying a wand of flame (25).
You see here a buckler.
r - a buckler Keep equipping yourself?
You start putting on your armour.
You continue putting on your buckler.
Natasha casts a spell at you. The magic dart hits you!
You continue putting on your buckler. x3
Natasha claws you.
* * * LOW HITPOINT WARNING * * *
You finish putting on your +0 buckler.
It was a potion of magic.
Magic courses through your body. Natasha claws you!
You die...

#.. .. ##.#
...#### #..... .
##.##.#..#####..
...............>
###.........
#@.รท...###..#
#h.#...###..##
#..#.........##
##..#...###.....
........####..####
##..###..........
#...###..###..#
...............#..
##.#.####..##..#.#


You could see Natasha.

Vanquished Creatures
  Natasha (D:3)
  A worker ant (D:4)
  An adder (D:4)
  3 oozes
  A dart slug (D:2)
  2 leopard geckos
  An orc (D:4)
  5 giant cockroaches
  4 goblins
  7 hobgoblins
  2 kobolds (D:2)
  A bat (D:2)
  A frilled lizard (D:2)
  4 rats
34 creatures vanquished.

Notes
Turn   | Place    | Note
-------+----------+-------------------------------------------
     0 | D:1      | Kisielow the Deep Elf Fire Elementalist began the quest for
                  | the Orb.
     0 | D:1      | Reached XP level 1. HP: 10/10 MP: 6/6
   256 | D:1      | Reached XP level 2. HP: 15/15 MP: 3/8
   260 | D:1      | Learned a level 2 spell: Throw Flame
   866 | D:1      | Reached XP level 3. HP: 19/19 MP: 5/10
  1584 | D:2      | You fall through a shaft for 2 floors!
  1633 | D:4      | Learned a level 3 spell: Inner Flame
  1726 | D:4      | Reached XP level 4. HP: 11/24 MP: 3/12
  1912 | D:3      | Noticed Natasha
  1919 | D:3      | Killed Natasha
  1924 | D:3      | Noticed Natasha
  1931 | D:3      | Slain by Natasha

Skill      XL: |  1  2  3  4 |
---------------+-------------+-----
Spellcasting   | 4 |  4.0
Conjurations   | 2 3 |  3.1
Fire Magic     | 4 |  4.5
Dodging        | |  2.4
Stealth        | |  2.4

Action                   |  1- 3 |  4- 6 || total
-------------------------+-------+-------++-------
 Cast: Flame Tongue      |    32 |     6 ||    38
       Throw Flame       |    31 |     1 ||    32
  Use: Potion            |       |     1 ||     1
  Eat: Chunk             |     3 |       ||     3
Armor: Robe              |     2 |       ||     2
Dodge: Dodged            |     7 |       ||     7
